 Dungeon Crawl Stone Soup version 0.31-a0-1570-g93c622d222 (webtiles) character file.

Game seed: 15989556268637830402

1010 Flugslaktarn the Toxicologist (level 8, -2/46 HPs)
             Began as an Octopode Alchemist on Jan 3, 2024.
             Slain by a centaur zombie (5 damage)
             ... in an ossuary.
             The game lasted 00:04:32 (1216 turns).

Flugslaktarn the Toxicologist (Octopode Alchemist)  Turns: 1216, Time: 00:04:32

Health: -2/46      AC:  1    Str:  7    XL:     8   Next: 21%
Magic:  15/15      EV: 13    Int: 19    God:
Gold:   77         SH:  0    Dex: 13    Spells: 2/17 levels left

rFire   . . .        g - +1 spear (heavy)
rCold   . . .        (no shield)
rNeg    . . .        (helmet restricted)
rPois   .            (no amulet)
rElec   .            (no ring)
rCorr   .            (no ring)
SInv    .            (no ring)
Will    .....        (no ring)
Stlth   +++          (no ring)
HPRegen 0.27/turn    (no ring)
MPRegen 0.14/turn    (no ring)
                     (no ring)

%: no passive effects
@: marked
A: almost no armour, amphibious, 8 rings, camouflage 1, gelatinous body 1,
(nimble swimmer 1), tentacles
a: no special abilities


You were in an ossuary.
You visited 1 branch of the dungeon, and saw 5 of its levels.
You also visited: Ossuary.

You collected 77 gold pieces.

Inventory:

Hand Weapons
 c - a +0 short sword
   (You took it off a kobold on level 1 of the Dungeon)
 e - a +2 heavy flail
   (You took it off Edmund on level 4 of the Dungeon)
 g - a +1 heavy spear (weapon)
   (You took it off a gnoll on level 4 of the Dungeon)
Magical Staves
 k - a staff of air
   (You found it on level 5 of the Dungeon)
Scrolls
 b - a scroll of vulnerability
 r - a scroll of identify
Potions
 a - 2 potions of magic
 d - a potion of might
 f - a potion of brilliance {unknown}
 h - a potion of haste
 j - a potion of attraction {unknown}


   Skills:
 - Level 2.0 Dodging
 - Level 2.6 Stealth
 + Level 5.2 Spellcasting
 - Level 1.0 Conjurations
 + Level 0.0 Fire Magic
 * Level 8.9 Alchemy


You had 2 spell levels left.
You knew the following spells:

 Your Spells              Type           Power      Damage    Failure   Level
a - Sting                 Conj/Alch      92%        1d8       1%          1
b - Olgreb's Toxic Radia  Alch           39%        N/A       3%          4
c - Sticky Flame          Fire/Alch      22%        2d6       19%         4
d - Eringya's Noxious Bo  Alch           19%        4d6       43%         6

Your spell library contained the following spells:

 Spells                   Type           Power      Damage    Failure   Level
 Mercury Vapours          Alch/Air       44%        N/A       3%          2
 Alistair's Intoxication  Alch           26%        N/A       9%          5
 Mephitic Cloud           Conj/Alch/Air  17%        N/A       10%         3
 Call Canine Familiar     Summ           4%         N/A       36%         3
 Sigil of Binding         Hex            4%         N/A       36%         3
 Dimensional Bullseye     Hex/Tloc       2%         N/A       77%         4
 Borgnjor's Vile Clutch   Necr/Erth      2%         N/A       98%         5


Dungeon Overview and Level Annotations

Branches:
Dungeon (5/15)            Ossuary (1/1)
 Temple: D:4-7

Altars:

Annotations:
D:4 Dowan, Duvessa


Innate Abilities, Weirdness & Mutations

You cannot wear most types of armour.
You are amphibious.
You can wear up to eight rings at the same time.
Your skin changes colour to match your surroundings (Stealth+).
Your rubbery body absorbs attacks. (AC +1, EV +1)
((You are camouflaged when in or above water. (Stealth+)))
You have tentacles for arms and can constrict up to eight enemies at once.


Message History

The centaur zombie is almost destroyed.
The centaur zombie hits you but does no damage.
The centaur zombie barely misses you. The centaur zombie hits you.
The centaur zombie barely misses you.
You puncture the centaur zombie!
You destroy the centaur zombie!
An orc zombie comes into view.
An orc zombie comes into view.
An orc zombie is nearby!
You completely miss the orc zombie. You grab the orc zombie.
You squeeze the orc zombie!
The orc zombie is almost destroyed.
You constrict the orc zombie.
You destroy the orc zombie!
No target in view!
No target in view!
You start resting.
HP restored.
You reach to attack!
You hit the orc zombie.
The orc zombie is severely damaged.
You puncture the orc zombie!
You destroy the orc zombie!
No target in view!
Partly explored, can't reach some places.
Unknown command.
This spell is quite dangerous to cast!
You start memorising the spell.
You continue memorising. x4
You finish memorising.
Spell assigned to 'c'.
Okay, then.
This spell is astonishingly dangerous to cast!
You start memorising the spell.
You continue memorising. x6
You finish memorising.
Spell assigned to 'd'.
Partly explored, can't reach some places.
You set off the alarm!
The alarm trap emits a blaring wail!
A sentinel's mark forms upon you.
Unknown command.
Found a gate leading back out of this place.
A centaur zombie and 2 hound zombies come into view.
A centaur zombie comes into view.
Unknown command.
The centaur zombie sets off the alarm!
The alarm trap emits a blaring wail!
The mark upon you grows brighter.
The centaur zombie sets off the alarm!
The alarm trap emits a blaring wail!
The mark upon you grows brighter.
The centaur zombie attacks as it pursues you!
The centaur zombie closely misses you. The centaur zombie misses you.
A hound zombie comes into view.
The hound zombie sets off the alarm!
The alarm trap emits a blaring wail!
The mark upon you grows brighter. The centaur zombie barely misses you.
The centaur zombie kicks you.
You hit the centaur zombie.
The centaur zombie is lightly damaged.
The centaur zombie misses you.
The centaur zombie completely misses you.
The centaur zombie closely misses you. x2
You hit the centaur zombie. You squeeze the centaur zombie!
The centaur zombie is moderately damaged.
A jackal zombie comes into view.
The centaur zombie hits you. The centaur zombie kicks you.
The centaur zombie hits you. The centaur zombie barely misses you.
The jackal zombie moves out of view.
You hit the centaur zombie.
The centaur zombie is heavily damaged.
The centaur zombie closely misses you. The centaur zombie barely misses you.
The centaur zombie closely misses you. The centaur zombie kicks you.
The centaur zombie hits you. The centaur zombie kicks you.
A human zombie comes into view.
You barely miss the centaur zombie. You tentacle-slap the centaur zombie.
The centaur zombie is heavily damaged.
The centaur zombie hits you. The centaur zombie kicks you.
The centaur zombie hits you. The centaur zombie kicks you.
The centaur zombie hits you but does no damage.
The centaur zombie closely misses you.
The centaur zombie barely misses you. x2
Okay, then.
As you read the scroll labelled XYGHIKH HAIDGH, it crumbles to dust.
It is a scroll of identify.
b - a scroll of vulnerability;
r - 2 scrolls of identify The centaur zombie hits you.
The centaur zombie kicks you. The centaur zombie closely misses you.
The centaur zombie barely misses you. The hound zombie misses you.
An orc zombie comes into view.
A gnoll zombie comes into view.
The centaur zombie hits you. The centaur zombie kicks you.
* * * LOW HITPOINT WARNING * * *
The centaur zombie hits you.
* * * LOW HITPOINT WARNING * * *
The centaur zombie closely misses you.
Okay, then.
As you read the scroll of identify, it crumbles to dust.
g - a potion of haste;
h - a potion of haste;
g - a +1 heavy spear (weapon)
The hound zombie barely misses you. The centaur zombie hits you.
* * * LOW HITPOINT WARNING * * *
The centaur zombie kicks you.
* * * LOW HITPOINT WARNING * * *
An orc zombie comes into view.
The centaur zombie hits you.
You die...

######################
#....................#
#.......Z............#
#......ZZ8Z.8........#
#.......@ZZZ.........#
#...######ZZ######...#
#...# #.Z# #...# #...#
#..# #...# #...# #..#
#...#
#...#..Z....Z..Z.#...#
#...#.####.......#...#
#...# #.......#...#
#...# #.......#...#


You could see a jackal zombie, 3 hound zombies, a gnoll zombie, 2 orc zombies, 2
centaur zombies and a human zombie.

Vanquished Creatures
  Pikel (D:4)
  Edmund (D:4)
  A phantom (D:4)
  A howler monkey (D:5)
  A centaur zombie (Ossuary)
  A hound (D:5)
  2 bombardier beetles
  A jelly (D:5)
  An orc wizard (D:5)
  4 hound zombies (Ossuary)
  A mummy (D:5)
  3 gnolls (D:4)
  2 adders (D:4)
  3 adder zombies (Ossuary)
  3 orcs (D:5)
  3 endoplasms
  2 giant cockroaches
  3 gnoll zombies (Ossuary)
  2 goblins (D:4)
  A hobgoblin (D:4)
  A quokka (D:1)
  A frilled lizard (D:1)
  2 goblin zombies (D:5)
  3 jackal zombies (Ossuary)
  4 kobolds
  3 kobold zombies (Ossuary)
  3 orc zombies (Ossuary)
  A rat (D:1)
55 creatures vanquished.

Notes
Turn   | Place    | Note
-------+----------+-------------------------------------------
     0 | D:1      | Flugslaktarn the Octopode Alchemist began the quest for the
                  | Orb.
     0 | D:1      | Reached XP level 1. HP: 11/11 MP: 3/3
    96 | D:1      | Reached XP level 2. HP: 17/17 MP: 3/5
   190 | D:3      | Noticed a bombardier beetle
   194 | D:3      | Killed a bombardier beetle
   195 | D:3      | Reached skill level 4 in Alchemy
   195 | D:3      | Reached XP level 3. HP: 21/21 MP: 3/6
   253 | D:4      | Reached XP level 4. HP: 15/27 MP: 2/8
   267 | D:4      | Noticed a phantom
   281 | D:4      | Killed a phantom
   282 | D:4      | Reached skill level 5 in Alchemy
   282 | D:4      | Reached XP level 5. HP: 6/31 MP: 5/9
   292 | D:4      | Learned a level 4 spell: Olgreb's Toxic Radiance
   379 | D:4      | Noticed Pikel
   379 | D:4      | Noticed Edmund
   380 | D:4      | Noticed a lemure
   421 | D:4      | Killed Edmund
   422 | D:4      | Reached skill level 6 in Alchemy
   422 | D:4      | Reached XP level 6. HP: 4/36 MP: 4/11
   583 | D:4      | Noticed Duvessa
   583 | D:4      | Noticed Dowan
   676 | D:4      | Killed Pikel
   677 | D:4      | Reached skill level 8 in Alchemy
   677 | D:4      | Reached XP level 7. HP: 7/41 MP: 3/14
   814 | D:5      | Entered Level 5 of the Dungeon
   870 | D:5      | Reached skill level 5 in Spellcasting
   870 | D:5      | Reached XP level 8. HP: 39/46 MP: 5/15
   913 | D:5      | Found a sand-covered staircase.
   931 | Ossuary  | Entered an ossuary
  1181 | Ossuary  | Learned a level 4 spell: Sticky Flame
  1188 | Ossuary  | Learned a level 6 spell: Eringya's Noxious Bog
  1216 | Ossuary  | Slain by a centaur zombie

Illustrated notes

Levels and vault maps discovered:
D:1:      minmay_arrival_solitary_statue, layout_loops_corners,
          nicolae_concentric_dashed_squares_mild
D:2:      layout_loops_ring
D:3:      layout_loops_cross, shapermc_ecumenical_altar_mp_highgroup,
          kennysheep_generic_room_11, uniq_pargi, uniq_sigmund, uniq_ijyb
D:4:      layout_basic, uniq_pikel, uniq_edmund, uniq_duvessa
D:5:      layout_basic, minmay_temple_entry_mini_moons,
          nicolae_ossuary_entry_giza, gammafunk_ghost_cemetery
Ossuary:  ossuary_tomb_1

Skill      XL: |  1  2  3  4  5  6  7 |
---------------+----------------------+-----
Alchemy        | 4 5 6 8 |  8.9
Spellcasting   | 3 4 5 |  5.2
Dodging        | |  2.0
Stealth        | |  2.6
Conjurations   | |  1.0

Action                     |  1- 3 |  4- 6 |  7- 9 || total
---------------------------+-------+-------+-------++-------
  Melee: Short sword       |    11 |     7 |       ||    18
         Tentacles         |     3 |     2 |    24 ||    29
         Constrict         |     2 |     1 |    19 ||    22
         Spear             |       |     1 |    68 ||    69
         Punch             |       |       |     2 ||     2
   Cast: Sting             |    17 |    19 |    13 ||    49
         Olgreb's Toxic Ra |       |     5 |     2 ||     7
    Use: Potion            |       |     2 |       ||     2
         Scroll            |       |       |     2 ||     2
   Stab: Sleeping          |       |       |     3 ||     3
 Armour: Skin              |     5 |    11 |    69 ||    85
  Dodge: Dodged            |     6 |     3 |    91 ||   100

Table legend: (Time is in decaauts)
 A = Elapsed time spent in this place.
 B = Non-inter-level travel time spent in this place.
 C = Inter-level travel time spent in this place.
 D = Time resting spent in this place.
 E = Time spent auto-exploring this place.
 F = Levels seen in this place.
 G = Mean time per level.
                   A        B        C        D        E       F      G
               +--------+--------+--------+--------+--------+-----+--------+
         Total |   1259 |   1217 |     42 |    165 |    359 |   6 |  209.8 |
       Dungeon |    936 |    894 |     42 |     42 |    346 |   5 |  187.2 |
       Ossuary |    323 |    323 |      0 |    123 |     13 |   1 |  323.0 |
               +--------+--------+--------+--------+--------+-----+--------+

Top non-repeatable levels by time:
     D:4: 603 daAuts
 Ossuary: 323 daAuts
     D:1: 172 daAuts
     D:5: 123 daAuts
     D:3: 20 daAuts
     D:2: 16 daAuts
